 Dungeon Crawl Stone Soup version 0.29.1-12-g30fa7ad0bf (webtiles) character file.

Game seed: 15596033165167574955

88155 112233 the Spry (level 15, -2/70 HPs)
             Began as a Felid Air Elementalist on Dec 22, 2022.
             Was a High Priest of Sif Muna.
             Slain by a +0 trident (11 damage)
             ... on level 2 of the Elven Halls.
             The game lasted 01:09:31 (78679 turns).

112233 the Spry (Felid Air Elementalist)           Turns: 78679, Time: 01:09:32

Health: -2/70      AC:  7    Str:  4    XL:     15   Next: 45%
Magic:  16/35      EV: 30    Int: 29    God:    Sif Muna [*****.]
Gold:   338        SH:  0    Dex: 18    Spells: 5/45 levels left
                                        Lives:  0   Deaths: 4

rFire   . . .      SeeInvis +     - Unarmed
rCold   + . .      Faith    +   (shield unavailable)
rNeg    . . .      Spirit   .   (body armour unavailable)
rPois   .          Reflect  .   (helmet unavailable)
rElec   .          Harm     .   (cloak unavailable)
rCorr   .          Rampage  .   (gloves unavailable)
Will    ++...                   (boots unavailable)
Stlth   ++........              a - amulet of faith
HPRegen 0.21/turn               i - +4 ring of protection
MPRegen 0.24/turn               b - +6 ring of intelligence

@: quick
A: very small, claws 1, fangs 3, see invisible, speed 1, shaggy fur 3, stealthy
paws, no weapons or thrown items, no armour, multi-lived
a: Renounce Religion, Channel Magic, Forget Spell, Divine Exegesis


You were on level 2 of the Elven Halls.
You worshipped Sif Muna.
Sif Muna was extremely pleased with you.
You visited 5 branches of the dungeon, and saw 25 of its levels.

You collected 4111 gold pieces.
You spent 3773 gold pieces at shops.

Inventory:

Jewellery
 a - an amulet of faith (around neck)
 b - a +6 ring of intelligence (right paw)
 f - a ring of flight
 i - a +4 ring of protection (left paw)
 j - a ring of willpower
 w - an amulet of regeneration
 B - a ring of willpower
 E - a +4 ring of evasion
Wands
 o - a wand of charming (30)
Scrolls
 d - 5 scrolls of teleportation
 g - a scroll of silence
 l - 4 scrolls of fear
 m - 4 scrolls of vulnerability
 n - 2 scrolls of immolation
 q - 3 scrolls of noise
 r - 2 scrolls of amnesia
 s - 2 scrolls of poison
 v - 2 scrolls of torment
 y - 3 scrolls of fog
 F - 6 scrolls of magic mapping
 G - 14 scrolls of identify
Potions
 c - 6 potions of curing
 e - 4 potions of attraction
 h - 8 potions of haste
 k - 2 potions of mutation
 p - 7 potions of ambrosia
 t - 2 potions of resistance
 x - 8 potions of flight
 z - 3 potions of brilliance
 A - 2 potions of cancellation
 C - 4 potions of might
 D - 4 potions of degeneration
 H - 2 potions of lignification
 I - a potion of berserk rage
Miscellaneous
 J - a condenser vane
 L - a phial of floods (inert)


   Skills:
 + Level 11.1 Fighting
 + Level 16.9 Dodging
 - Level 2.8 Stealth
 * Level 4.5 Unarmed Combat
 * Level 15.6 Spellcasting
 - Level 1.0 Conjurations
 - Level 5.0 Translocations
 * Level 8.5 Transmutations
 * Level 14.9 Air Magic
 + Level 7.8 Invocations


You had 5 spell levels left.
You knew the following spells:

 Your Spells              Type           Power      Damage    Failure   Level
a - Storm Form            Tmut/Air       37%        N/A       14%         7
b - Lightning Bolt        Conj/Air       31%        1d48      2%          5
c - Airstrike             Air            41%        2d(6-22)  1%          4
d - Swiftness             Air            83%        N/A       0%          3
e - Static Discharge      Conj/Air       62%        3-11/arc  1%          2
f - Passwall              Tmut/Erth      39%        N/A       1%          2
g - Maxwell's Capacitive  Air            41%        ∞         30%         8
h - Wereblood             Tmut           64%        N/A       1%          2
i - Manifold Assault      Tloc           51%        N/A       7%          5
j - Blink                 Tloc           100%       N/A       1%          2

Your spell library contained the following spells:

 Spells                   Type           Power      Damage    Failure   Level
 Beastly Appendage        Tmut           100%       N/A       1%          1
 Magic Dart               Conj           100%       1d8       1%          1
 Shock                    Conj/Air       100%       1d9       1%          1
 Sting                    Tmut/Pois      100%       1d8       1%          1
 Searing Ray              Conj           56%        2d6       1%          2
 Gell's Gravitas          Tloc           51%        N/A       1%          3
 Ignite Poison            Fire/Tmut/Pois 39%        N/A       1%          3
 Lesser Beckoning         Tloc           51%        N/A       1%          3
 Mephitic Cloud           Conj/Pois/Air  52%        N/A       1%          3
 Spider Form              Tmut/Pois      47%        N/A       1%          3
 Teleport Other           Tloc           51%        N/A       1%          3
 Corpse Rot               Necr/Pois/Air  51%        N/A       2%          4
 Silence                  Hex/Air        30%        N/A       2%          5
 Ensorcelled Hibernation  Hex/Ice        44%        N/A       3%          2
 Scorch                   Fire           44%        2d7       3%          2
 Ice Form                 Ice/Tmut       47%        N/A       3%          4
 Petrify                  Tmut/Erth      47%        N/A       3%          4
 Stone Arrow              Conj/Erth      50%        3d10      4%          3
 Confusing Touch          Hex            22%        N/A       6%          3
 Inner Flame              Hex/Fire       22%        N/A       6%          3
 Summon Guardian Golem    Hex/Summ       22%        N/A       6%          3
 Iskenderun's Mystic Bla  Conj/Tloc      40%        2d9       6%          4
 Flame Wave               Conj/Fire      25%        2d8       17%         4
 Fulminant Prism          Conj/Hex       12%        3d9       17%         4
 Sticky Flame             Conj/Fire      25%        2d5       17%         4
 Animate Dead             Necr           22%        N/A       21%         4
 Cause Fear               Hex            11%        N/A       21%         4
 Dispel Undead            Necr           22%        3d12      21%         4
 Olgreb's Toxic Radiance  Pois           22%        N/A       21%         4
 Fireball                 Conj/Fire      12%        3d7       43%         5
 Borgnjor's Vile Clutch   Necr/Erth      11%        N/A       50%         5
 Lee's Rapid Deconstruct  Erth           11%        3d9*      50%         5
 Dispersal                Tloc           25%        N/A       36%         6
 Dragon Form              Tmut           32%        N/A       45%         7
 Iron Shot                Conj/Erth      12%        9d3       95%         6
 Death Channel            Necr           11%        N/A       97%         6
 Summon Cactus Giant      Summ           11%        N/A       97%         6
 Haunt                    Necr/Summ      11%        N/A       100%        7
 Orb of Destruction       Conj           14%        9d7       100%        7
 Spellforged Servitor     Conj/Summ      12%        N/A       100%        7
 Borgnjor's Revivificati  Necr           11%        N/A       100%        8
 Discord                  Hex            11%        N/A       100%        8
 Disjunction              Tloc           25%        N/A       100%        8
 Necromutation            Tmut/Necr      23%        N/A       100%        8


Dungeon Overview and Level Annotations

Branches:
Dungeon (15/15)            Temple (1/1) D:7            Lair (5/5) D:11
  Swamp (0/4) Lair:3       Spider (0/4) Lair:2        Slime (0/5) Lair:5
    Orc (2/2) D:12            Elf (2/3) Orc:2        Vaults (0/5) D:14
 Depths (0/4) D:15

Altars:
Ashenzari
Cheibriados
Dithmenos
Elyvilon
Fedhas
Gozag
Hepliaklqana
Kikubaaqudgha
Makhleb
Nemelex Xobeh
Okawaru
Qazlal
Ru
Sif Muna
Trog
Uskayaw
Vehumet
Wu Jian
Xom
Yredelemnul
Zin
The Shining One
Jiyva
Lugonu

Shops:
D:2 =   D:3 =   D:10 [   D:12 ?   D:13 (   D:14 !*=*?   Orc:2 (:!!
Elf:1 *[([*?=(!   Elf:2 =

Portals:
Abyss: Lair:5
Pandemonium: Orc:2

Annotations:
D:3 exclusions: downstairs and upstairs
D:4 exclusion: downstairs
D:5 exclusion: downstairs
D:7 exclusions: downstairs and upstairs
D:10 1 runed translucent door, exclusion: 2 downstairs
D:11 exclusion: downstairs
D:12 exclusion: downstairs
D:15 6 transporters, Roxanne
Elf:1 6 runed translucent doors


Innate Abilities, Weirdness & Mutations

You have sharp claws.
You have razor-sharp teeth.
You have supernaturally acute eyesight. (SInv)
You cover ground quickly. (Speed+)
Your thick and shaggy fur keeps you warm. (AC +3, rC+)
Your paws help you pounce on unaware monsters.
You are incapable of wielding weapons or throwing items.
You cannot wear armour.
You gain extra lives every three experience levels.


Message History

The +0 trident misses you.
Casting: Airstrike (safe; 1% risk of failure)
Confirm with . or Enter, or press ? or * to list all spells.
Aiming: Airstrike (safe; 1% risk of failure)
Press: ? - help, Dir - move target, f/p - +0 trident
Aim: a +0 trident (moderately damaged, empty space bonus: 4/8)
The air twists around and strikes the +0 trident.
The +0 trident is heavily damaged.
The +0 trident hits you from afar! x2
Unknown command.
Casting: Airstrike (safe; 1% risk of failure)
Confirm with . or Enter, or press ? or * to list all spells.
Aiming: Airstrike (safe; 1% risk of failure)
Press: ? - help, Dir - move target, f/p - +0 trident
Aim: a +0 trident (heavily damaged, empty space bonus: 4/8)
The air twists around and strikes the +0 trident but does no damage.
The +0 trident completely misses you.
A +0 trident is nearby!
A +0 trident is nearby!
Casting: Airstrike (safe; 1% risk of failure)
Confirm with . or Enter, or press ? or * to list all spells.
Aiming: Airstrike (safe; 1% risk of failure)
Press: ? - help, Dir - move target, f/p - +0 trident
Aim: a +0 trident (heavily damaged, empty space bonus: 4/8)
The air twists around and strikes the +0 trident but does no damage.
The +0 trident hits you from afar! x2
* * * LOW HITPOINT WARNING * * *
Unknown command.
Casting: Airstrike (safe; 1% risk of failure)
Confirm with . or Enter, or press ? or * to list all spells.
Aiming: Airstrike (safe; 1% risk of failure)
Press: ? - help, Dir - move target, f/p - +0 trident
Aim: a +0 trident (heavily damaged, empty space bonus: 4/8)
The air twists around and strikes the +0 trident.
The +0 trident is severely damaged.
The +0 trident hits you from afar!
* * * LOW HITPOINT WARNING * * *
The +0 trident completely misses you. The +0 trident hits you from afar!
You die...

# ##### ####. ####'#
#.#.## ##.#..' ###
#######..'..#
######.###..)....)#..#
#..(.@)....######'####
#..####.##)## #.#
#####.# ####.# #.#
......#####.#..# #.#
.............# #.# #
......#####.#..# #.#
## #####.# ####.#
#.###. #..####.#..#
#.##.# #......§.##
##'#'##


You could see a +0 trident.

Vanquished Creatures
  6 deep elf demonologists
  A deep elf annihilator (Elf:1)
  Azrael (D:14)
  2 deep elf high priests (Elf:1)
  Fannar (Lair:1)
  5 hydras
  A catoblepas (Lair:4)
  3 demonspawn (Orc:2)
  4 centaur warriors
  An ogre mage (D:14)
  Erica (D:8)
  5 two-headed ogres
  14 dancing weapons
  16 death yaks
  A tengu warrior (D:14)
  Sonja (D:12)
  3 thrashing horrors (Lair:5)
  4 large abominations (Lair:5)
  15 deep elf knights
  7 orc high priests
  4 skeletal warriors
  A soul eater (Orc:2)
  A sixfirhy (Orc:2)
  16 deep elf archers
  3 deep trolls (D:15)
  7 orc knights
  9 deep elf pyromancers
  11 deep elf zephyrmancers
  6 orc sorcerers (Orc:2)
  13 ugly things
  5 manticores
  7 cyclopes
  A rust devil (Orc:2)
  19 elephants
  4 smoke demons
  2 black mambas
  8 cane toads
  A torpor snail (Lair:5)
  A demonic crawler (Lair:2)
  3 efreet
  2 rime drakes
  3 centaur skeletons (D:14)
  3 kobold demonologists
  6 komodo dragons
  3 tengu conjurers
  An ancient zyme (Lair:5)
  An ice devil (D:13)
  12 trolls
  A tyrant leech (Lair:3)
  A polar bear (Lair:4)
  A hornet (D:9)
  25 blink frogs
  Prince Ribbit (D:5)
  8 dream sheep
  A dream sheep (shapeshifter) (Lair:5)
  A slime creature (shapeshifter) (D:15)
  A raiju (shapeshifter) (D:14)
  2 slime creatures (D:12)
  A centaur simulacrum (D:14)
  5 air elementals
  Sigmund (D:5)
  A culicivora (shapeshifter) (D:14)
  A vampire (D:13)
  4 wraiths
  2 spriggans (Lair:5)
  10 small abominations (Lair:5)
  A water elemental (D:15)
  3 wyverns
  2 ynoxinuls (Lair:5)
  5 fire elementals
  39 yaks
  A neqoxec (Orc:2)
  A steam dragon (D:9)
  Eustachio (D:5)
  6 vampire mosquitoes
  A chaos spawn (Lair:5)
  6 basilisks
  A swamp worm (Lair:3)
  2 wargs
  3 hell hounds (D:15)
  14 water moccasins
  A sky beast (D:7)
  2 black bears
  A sky beast (shapeshifter) (D:14)
  38 orc warriors
  10 ogres
  8 wolves
  21 centaurs
  9 bullfrogs
  10 kobold brigands
  3 earth elementals
  A gnoll sergeant (D:10)
  3 scorpions (Lair:2)
  11 wights
  8 killer bees
  5 howler monkeys
  4 crimson imps (D:13)
  A jelly (D:6)
  2 hounds (D:5)
  35 orc priests
  2 gnoll boudas
  9 iguanas
  5 hell rats (Lair:1)
  A human skeleton (D:10)
  18 orc wizards
  A boggart skeleton (D:14)
  22 gnolls
  7 adders
  A shadow imp (D:7)
  6 white imps
  An ufetubus (D:5)
  3 worms
  3 dart slugs
  89 orcs
  6 endoplasms
  10 giant cockroaches
  7 goblins
  3 hobgoblins
  4 jackals
  7 quokkas
  4 ball pythons
  8 bats
  3 frilled lizards
  A jackal skeleton (D:10)
  22 kobolds
  2 rats (D:2)
  A spectral goblin (D:14)
817 creatures vanquished.

Vanquished Creatures (collateral kills)
  Agnes (D:15)
  A centaur warrior (D:15)
  An efreet (D:15)
  2 centaurs (D:15)
5 creatures vanquished.

Vanquished Creatures (others)
  A centaur warrior (D:12)
  A deep elf knight (Elf:2)
  2 bushes (Lair:5)
  74 fungi
  53 plants
  2 withered plants (D:3)
133 creatures vanquished.

Grand Total: 955 creatures vanquished

Notes
Turn   | Place    | Note
-------+----------+-------------------------------------------
     0 | D:1      | 112233 the Felid Air Elementalist began the quest for the
                  | Orb.
     0 | D:1      | Reached XP level 1. HP: 7/7 MP: 4/4
    68 | D:1      | Reached skill level 1 in Conjurations
   266 | D:2      | Found Noaboz's Jewellery Boutique.
   326 | D:2      | Reached XP level 2. HP: 11/11 MP: 3/6
   627 | D:4      | Reached XP level 3. HP: 11/14 MP: 0/7
   703 | D:3      | Learned a level 2 spell: Static Discharge
   739 | D:3      | Learned a level 3 spell: Swiftness
  1044 | D:3      | Found Xaytoufi's Jewellery Shop.
  1354 | D:3      | Found an ancient bone altar of Kikubaaqudgha.
  1449 | D:3      | Found a white marble altar of Elyvilon.
  1484 | D:3      | Identified the +8 dagger "Xedghepi" {drain, Will+}
  1531 | D:3      | Reached XP level 4. HP: 15/18 MP: 2/8
  3205 | D:2      | Identified the +10 trident of the Pits of Slime {freeze,
                  | rC+}
  3210 | D:2      | Found a faded altar of an unknown god.
  3305 | D:1      | Reached skill level 5 in Air Magic
  3356 | D:1      | Reached XP level 5. HP: 21/21 MP: 5/9
  5281 | D:5      | Entered Level 5 of the Dungeon
  5309 | D:5      | Noticed an ogre
  5346 | D:5      | Found a glowing drain.
  5351 | D:5      | Noticed a black bear
  5457 | D:5      | Noticed Eustachio
  5504 | D:5      | Noticed a water moccasin
  5554 | D:5      | Killed Eustachio
  5555 | D:5      | Gained mutation: You are covered in thick fur. (AC +2)
                  | [Felid growth]
  5555 | D:5      | Reached XP level 6. HP: 6/24 MP: 2/11
  6025 | D:5      | Reached XP level 7. HP: 25/27 MP: 5/13
  7201 | D:5      | Noticed Prince Ribbit
  7207 | D:5      | Killed Prince Ribbit
  7208 | D:5      | Reached skill level 5 in Spellcasting
  7208 | D:5      | Reached XP level 8. HP: 26/31 MP: 7/16
  7350 | D:5      | Noticed Sigmund
  7359 | D:5      | Learned a level 4 spell: Airstrike
  7362 | D:5      | Killed Sigmund
  9262 | D:7      | Found a staircase to the Ecumenical Temple.
  9271 | Temple   | Entered the Ecumenical Temple
  9467 | Temple   | Became a worshipper of Sif Muna the Loreminder
  9744 | D:7      | Found a hazy altar of Hepliaklqana.
 10449 | D:7      | Reached XP level 9. HP: 34/34 MP: 0/20
 10984 | D:8      | Reached * piety under Sif Muna
 11197 | D:6      | Reached skill level 3 in Dodging
 11245 | D:6      | Identified the +7 shortbow of Heqyad {speed, Int+3}
 11548 | D:8      | Found an iron altar of Okawaru.
 11587 | D:8      | Reached skill level 1 in Fighting
 11589 | D:8      | Reached skill level 4 in Dodging
 11663 | D:8      | Noticed Erica
 12392 | D:8      | Found a radiant altar of Vehumet.
 12571 | D:8      | Reached skill level 5 in Dodging
 13272 | D:9      | Noticed a two-headed ogre
 13275 | D:9      | Killed a two-headed ogre
 13275 | D:9      | Reached ** piety under Sif Muna
 13276 | D:9      | Reached skill level 6 in Dodging
 13276 | D:9      | Reached XP level 10. HP: 41/41 MP: 9/23
 13554 | D:8      | Killed Erica
 13555 | D:8      | Reached skill level 7 in Dodging
 13555 | D:8      | Reached skill level 10 in Air Magic
 13756 | D:8      | Found an opulent altar of Gozag.
 14529 | D:8      | Reached skill level 8 in Dodging
 16074 | D:10     | Entered Level 10 of the Dungeon
 16158 | D:10     | Found a runed translucent door.
 16166 | D:10     | Found a basalt altar of Yredelemnul.
 16669 | D:10     | Reached *** piety under Sif Muna
 16793 | D:10     | Reached skill level 9 in Dodging
 17419 | D:11     | Noticed a cyan ugly thing
 17454 | D:10     | Found Qeshooru's Armour Shop.
 17687 | D:7      | Learned a level 5 spell: Lightning Bolt
 17776 | D:10     | You are sucked into a shaft and drop 3 floors!
 17782 | D:13     | Found Suodir's Weapon Boutique.
 17797 | D:13     | Noticed a cyclops
 18043 | D:11     | Noticed a two-headed ogre
 18047 | D:11     | Killed a two-headed ogre
 18048 | D:11     | Reached XP level 11. HP: 46/46 MP: 8/25
 18664 | D:11     | Killed a cyan ugly thing
 18665 | D:11     | Reached skill level 10 in Dodging
 19001 | D:11     | Noticed a boulder beetle
 19016 | D:10     | Learned a level 2 spell: Passwall
 19276 | D:10     | Reached skill level 5 in Fighting
 19634 | D:10     | Found a snail-covered altar of Cheibriados.
 20074 | D:11     | Noticed a centaur warrior
 20087 | D:12     | Noticed a six-headed hydra
 20224 | D:12     | Noticed Sonja
 20226 | D:12     | Killed Sonja
 20297 | D:12     | Found Ubiwn's Magic Scroll Shoppe.
 20305 | D:12     | Bought a scroll of magic mapping for 112 gold pieces
 20305 | D:12     | Bought a scroll of teleportation for 45 gold pieces
 20332 | D:12     | Killed a six-headed hydra
 20968 | D:12     | Noticed a boulder beetle
 21089 | D:13     | Noticed a red ugly thing
 21112 | D:12     | Reached skill level 11 in Dodging
 21112 | D:12     | Reached skill level 10 in Spellcasting
 21788 | D:12     | Noticed a two-headed ogre
 21822 | D:12     | Killed a two-headed ogre
 22111 | D:12     | Noticed a centaur warrior
 22329 | D:12     | Noticed a skeletal warrior
 22332 | D:12     | Noticed a skeletal warrior
 22343 | D:12     | Killed a skeletal warrior
 23126 | D:11     | Found a staircase to the Lair.
 23128 | D:11     | Noticed a fire dragon
 23808 | D:12     | Learned a level 8 spell: Maxwell's Capacitive Coupling
 23873 | D:11     | Killed from afar by a fire dragon
 23874 | D:11     | Reached XP level 10. HP: 0/45 MP: 23/25
 23931 | D:11     | HP: 2/45 [centaur warrior (3)]
 23934 | D:11     | Killed a centaur warrior
 23935 | D:11     | Reached skill level 12 in Dodging
 24228 | D:11     | Killed from afar by a fire dragon
 24229 | D:11     | Reached XP level 9. HP: -14/41 MP: 16/24
 24293 | D:11     | HP: 1/41 [fire dragon/blast of flame (40)]
 24627 | D:12     | Noticed a troll
 24629 | D:12     | Killed a troll
 24630 | D:12     | Reached XP level 10. HP: 45/45 MP: 16/25
 24632 | D:12     | Reached **** piety under Sif Muna
 25355 | D:12     | Noticed a manticore
 25358 | D:12     | Killed a manticore
 25438 | D:12     | Found a staircase to the Orcish Mines.
 25893 | Orc:1    | Entered Level 1 of the Orcish Mines
 25893 | Orc:1    | Noticed an orc knight
 25927 | D:12     | Killed an orc knight
 26122 | D:12     | Noticed a skeletal warrior
 26125 | D:12     | Killed a skeletal warrior
 26692 | Orc:1    | Noticed an orc high priest
 27509 | D:12     | Killed a skeletal warrior
 27920 | D:2      | Bought a +6 ring of intelligence for 468 gold pieces
 28328 | Orc:1    | Noticed a soul eater
 28332 | D:12     | Reached XP level 11. HP: 49/49 MP: 18/27
 28486 | D:13     | Noticed a boulder beetle
 29020 | D:13     | Reached skill level 13 in Dodging
 30016 | D:13     | Noticed a five-headed hydra
 30658 | D:13     | Killed a five-headed hydra
 30951 | D:14     | Found Ocuej's Distillery.
 31057 | D:14     | Bought a potion of magic for 120 gold pieces
 31057 | D:14     | Bought a potion of curing for 45 gold pieces
 31057 | D:14     | Bought a potion of degeneration for 15 gold pieces
 31485 | D:14     | Found Qudeyroi's General Store.
 31492 | D:14     | Noticed a centaur warrior
 31495 | D:14     | HP: 1/50 [centaur warrior/arrow (15)]
 31502 | D:14     | Noticed a tengu warrior
 31513 | D:15     | Entered Level 15 of the Dungeon
 31950 | D:14     | Bought a scroll of teleportation for 51 gold pieces
 32304 | D:14     | Found Pedial's Assorted Antiques.
 32451 | D:14     | Reached ***** piety under Sif Muna
 32462 | D:14     | Noticed a two-headed ogre
 32693 | D:15     | Noticed Agnes
 32699 | D:15     | Found a transporter.
 32899 | D:14     | Killed a tengu warrior
 33108 | D:14     | HP: 2/50 [centaur warrior/arrow (26)]
 33113 | D:14     | HP: 3/75 [centaur warrior/+0 flail (5)]
 33115 | D:14     | Killed a centaur warrior
 33489 | D:14     | Found Zeasurgh's Magic Scroll Shop.
 33494 | D:14     | Bought a scroll of fear for 56 gold pieces
 33628 | D:14     | Noticed a cyan ugly thing
 33628 | D:14     | Noticed a red ugly thing
 33628 | D:14     | Noticed a centaur warrior
 33707 | D:12     | Received a gift from Sif Muna
 33715 | D:12     | Got Sif Muna's Octavo of the Shadowy Stinger {god gift}
 34068 | Orc:1    | Noticed a sun demon
 34619 | D:12     | Killed an orc high priest
 34620 | D:12     | Gained mutation: Your thick and shaggy fur keeps you warm.
                  | (AC +3, rC+) [Felid growth]
 34620 | D:12     | Reached XP level 12. HP: 55/55 MP: 16/29
 36187 | Orc:2    | Entered Level 2 of the Orcish Mines
 36399 | Orc:2    | Found a staircase to the Elven Halls.
 36629 | Orc:2    | Noticed a two-headed ogre
 36645 | Orc:2    | Killed a two-headed ogre
 36646 | Orc:2    | Reached skill level 1 in Invocations
 37551 | Orc:2    | Reached skill level 14 in Dodging
 38075 | Orc:2    | Received a gift from Sif Muna
 39041 | Orc:2    | Found Rifies's Distillery.
 39044 | Orc:2    | Found Datweq's Distillery.
 39049 | Orc:2    | Reached skill level 1 in Transmutations
 39602 | Orc:2    | Noticed an orc high priest
 39983 | Orc:2    | Noticed an orc high priest
 40945 | Orc:2    | Noticed an orc high priest
 40945 | Orc:2    | Noticed an orc high priest
 41031 | Orc:2    | Killed an orc high priest
 41919 | Orc:2    | Killed an orc high priest
 41950 | Orc:2    | Killed an orc high priest
 42139 | Orc:2    | Killed an orc high priest
 42140 | Orc:2    | Reached XP level 13. HP: 33/59 MP: 5/30
 43105 | Orc:2    | Found Efedd's Book Boutique.
 43105 | Orc:2    | Found Pahamos's Antique Weapon Shop.
 43251 | Orc:2    | Found a one-way gate leading to the halls of Pandemonium.
 43587 | D:11     | Killed from afar by a fire dragon
 43588 | D:11     | Reached XP level 12. HP: -6/56 MP: 14/30
 43712 | Lair:1   | Entered Level 1 of the Lair of Beasts
 45185 | Lair:1   | Noticed Fannar
 45191 | Lair:1   | Killed Fannar
 46676 | Lair:2   | Found a hole to the Spider Nest.
 48622 | Lair:3   | Found a staircase to the Swamp.
 48631 | Lair:3   | Received a gift from Sif Muna
 48634 | Lair:3   | Got Sif Muna's Catalogue of Injurious Transformation {god
                  | gift}
 48643 | Lair:3   | Learned a level 7 spell: Dragon Form
 48901 | Lair:3   | Reached XP level 13. HP: 60/60 MP: 3/31
 49353 | Lair:3   | Reached skill level 15 in Dodging
 50293 | Lair:5   | Entered Level 5 of the Lair of Beasts
 50293 | Lair:5   | Found a viscous altar of Jiyva.
 50293 | Lair:5   | Found a staircase to the Slime Pits.
 51639 | Lair:3   | Reached skill level 5 in Transmutations
 52073 | Lair:3   | Reached skill level 5 in Invocations
 53753 | Lair:4   | Learned a level 5 spell: Manifold Assault
 54546 | Lair:5   | Reached skill level 1 in Translocations
 55688 | Lair:5   | Reached XP level 14. HP: 65/65 MP: 1/33
 56345 | Lair:5   | Identified a scroll of acquirement
 56349 | Lair:5   | Acquired 854 gold pieces
 58170 | Lair:5   | Received a gift from Sif Muna
 58669 | Lair:5   | Reached skill level 10 in Fighting
 61910 | Lair:5   | Found a corrupted altar of Lugonu.
 61910 | Lair:5   | Found a one-way gate to the infinite horrors of the Abyss.
 62790 | D:14     | Bought a scroll of teleportation for 51 gold pieces
 62790 | D:14     | Bought a potion of heal wounds for 85 gold pieces
 63132 | D:14     | Learned a level 2 spell: Blink
 63610 | D:14     | Reached skill level 16 in Dodging
 64154 | D:14     | Found Fuiceos's Jewellery Shop.
 64736 | D:14     | Reached skill level 5 in Translocations
 65157 | D:14     | Found a gate to the Vaults.
 65184 | D:14     | Found a hazy altar of Hepliaklqana.
 65283 | D:14     | Bought a scroll of blinking for 217 gold pieces
 65283 | D:14     | Bought a yellow potion for 26 gold pieces
 65284 | D:14     | Bought a scroll of acquirement for 1508 gold pieces
 65284 | D:14     | Acquired the Octavo of Overcast Attacks
 65296 | D:14     | Learned a level 7 spell: Storm Form
 65299 | D:14     | Learned a level 2 spell: Wereblood
 65590 | D:15     | Found a transporter.
 65852 | D:15     | Received a gift from Sif Muna
 65853 | D:15     | Reached XP level 15. HP: 24/70 MP: 12/34
 65873 | D:15     | Killed Agnes
 66176 | D:15     | Found a transporter.
 66177 | D:15     | Found a transporter.
 66415 | D:15     | Noticed Azrael
 66641 | D:14     | Bought a scroll of teleportation for 42 gold pieces
 66641 | D:14     | Bought a scroll of fear for 56 gold pieces
 66757 | Orc:2    | Bought a potion of heal wounds for 60 gold pieces
 66757 | Orc:2    | Bought a potion of haste for 120 gold pieces
 66757 | Orc:2    | Bought a potion of curing for 36 gold pieces
 66757 | Orc:2    | Bought 2 potions of curing for 72 gold pieces
 66757 | Orc:2    | Bought a potion of berserk rage for 60 gold pieces
 66802 | Elf:1    | Entered Level 1 of the Elven Halls
 66820 | Elf:1    | Reached skill level 15 in Spellcasting
 66939 | Elf:1    | Found Qenougid's Antique Weapon Shoppe.
 66954 | Elf:1    | Paralysed by an air elemental for 1 turns
 67293 | D:14     | Killed Azrael
 68646 | D:15     | Found a staircase to the Depths.
 69299 | D:15     | Found a transporter.
 69306 | D:15     | Found a transporter.
 69321 | D:15     | Noticed Roxanne
 70201 | Elf:1    | Found Wadux's Jewellery Boutique.
 71052 | Elf:1    | Found Haustopo's Antique Weapon Shoppe.
 71055 | Elf:1    | Found Vifuenn's Assorted Antiques.
 71055 | Elf:1    | Found Heurit's Antique Armour Shoppe.
 71060 | Elf:1    | Found Wuji's Antique Armour Emporium.
 71288 | Elf:1    | Reached skill level 1 in Unarmed Combat
 71698 | Elf:1    | Paralysed by an air elemental for 1 turns
 71707 | Elf:1    | Found Nipe's Distillery.
 72148 | Elf:1    | Slain by a +5 morningstar of protection
 72149 | Elf:1    | Reached XP level 14. HP: -2/66 MP: 17/34
 72157 | Elf:1    | Received a gift from Sif Muna
 72161 | Elf:1    | Got Sif Muna's Papyrus of the Eagle {god gift}
 72296 | Elf:1    | Found Xyl Wika's Magic Scroll Boutique.
 72439 | Elf:1    | Found a runed translucent gate.
 72439 | Elf:1    | Found a runed translucent gate.
 72439 | Elf:1    | Found a runed translucent gate.
 72439 | Elf:1    | Found a runed translucent gate.
 72439 | Elf:1    | Found a runed translucent gate.
 72439 | Elf:1    | Noticed a storm dragon
 72439 | Elf:1    | Noticed an iron dragon
 72775 | Elf:1    | Noticed a cacodemon
 73334 | Elf:1    | Found a runed translucent gate.
 73747 | Elf:1    | Found Boublaol's General Store.
 73751 | Elf:1    | Bought a scroll of fear for 48 gold pieces
 73751 | Elf:1    | Bought a condenser vane for 480 gold pieces
 73821 | Elf:1    | HP: 1/66 [+2 scimitar of electrocution (18)]
 74953 | Elf:2    | Reached XP level 15. HP: 43/70 MP: 23/35
 75214 | Elf:2    | Found Xesumn's Jewellery Emporium.
 78267 | Elf:2    | HP: 3/70 [+2 battleaxe of freezing (3)]
 78679 | Elf:2    | Slain by a +0 trident

Illustrated notes

Levels and vault maps discovered:
D:1:      lightli_arrival_statue_moat, layout_rooms, reono_crystal_passage
D:2:      layout_rooms, serial_shops, shop, shapermc_ecumenical_altar_pompeii,
          st_stairs_7
D:3:      layout_basic, kiku_gazebo_garden_becter, elyvilon_altar_1,
          serial_shops, nicolae_lakefront_shop, nicolae_hexahallways
D:4:      layout_rooms
D:5:      layout_gridville, gup_sewer_entry_glass, amethyst_killhole,
          uniq_sigmund, uniq_eustachio, uniq_prince_ribbit1
D:6:      layout_layer_cave, kennysheep_crisscross
D:7:      layout_basic, kennysheep_mini, minmay_temple_entry_purple_smoke,
          centaur_isle
D:8:      layout_rooms, nicolae_gozag_seed_capital,
          mainiacjoe_overflow_catch_the_wave, serial_rivers,
          chequers_serial_rivers_micro_d, chequers_serial_rivers_small_a,
          chequers_serial_rivers_micro_e, chequers_serial_rivers_micro_e,
          uniq_erica
D:9:      layout_irregular_city
D:10:     layout_grid_maze, overflow_temple_1_default, dk_yredelemnul_ordeal,
          serial_shops, nicolae_diamond_shop
D:11:     layout_basic, minmay_lair_entry_lava
D:12:     layout_gridville, orc_0_dummy, serial_shops, shop, grunt_decor_cap,
          uniq_sonja
D:13:     layout_roguey, serial_shops, nicolae_stop_n_shop_2,
          minmay_fire_ice_demons
D:14:     layout_roguey, hangedman_vaults_entry_quadrant_bands,
          hangedman_decor_clover_reticule, serial_shops, shop_scrolls, shop,
          nicolae_shop_hallway_plus, nicolae_shop_statue_plus, shop,
          nicolae_hepliaklqana_monster_ancestors
D:15:     hangedman_depths_entry_civil_slaughter, layout_layer_cave,
          chequers_serial_rivers_room_a, nicolae_lava_and_water,
          serial_nicolae_subway, nicolae_sub_station_crystal,
          nicolae_sub_station_stone, nicolae_sub_station_metal, uniq_agnes,
          uniq_azrael, uniq_roxanne
Temple:   nicolae_temple_bog_church
Lair:1:   layout_cave_pods, uniq_fannar
Lair:2:   layout_roguey, nicolae_spider_entry_non_spiders
Lair:3:   layout_concentric_octagons, minmay_swamp_entry_worms,
          nicolae_volcano_entry_s_turn
Lair:4:   layout_regular_city, portal_ice_cave_entry_pillars_1,
          grunt_megastairs_5
Lair:5:   hellmonk_lair_end_abyssal_woods, layout_cave_pods, slime_entry_1
Orc:1:    layout_diamond_mine
Orc:2:    pf_orc_diabolical, layout_diamond_mine
Elf:1:    layout_loops_corners, serial_shops, nicolae_shop_advertising_works
          [nicolae_subvault_shop_adworks], nicolae_take_the_stairs,
          nicolae_shop_hallway_plus, shop, shop, orc_legates, minmay_shoptagon
Elf:2:    elven_hall_of_blades_hangedman_alternative [nicolae_blade_tridents],
          layout_geoelf_grid, serial_shops, shop, nicolae_elf_big_sculpture_1

Skill      XL: |  1  2  3  4  5  6  7  8  9 10 11 12 13 14 15 |
---------------+----------------------------------------------+-----
Conjurations   | 1 |  1.0
Air Magic      | 3 4 5 6 7 8 9 10 11 12 13 14 | 14.9
Spellcasting   | 3 5 6 8 11 12 14 15 | 15.6
Dodging        | 6 12 13 14 15 16 | 16.9
Fighting       | 2 4 7 9 10 11 | 11.1
Invocations    | 4 5 6 7 |  7.8
Transmutations | 4 5 8 |  8.5
Translocations | 2 5 |  5.0
Unarmed Combat | 3 4 |  4.5
Stealth        | |  2.8

Action                   |  1- 3 |  4- 6 |  7- 9 | 10-12 | 13-15 || total
-------------------------+-------+-------+-------+-------+-------++-------
Melee: Unarmed           |    11 |     8 |       |    17 |    66 ||   102
       Bite              |       |       |       |     3 |    12 ||    15
       Punch             |       |       |       |     1 |     2 ||     3
 Cast: Shock             |    62 |   158 |   108 |     4 |       ||   332
       Static Discharge  |     2 |    18 |    21 |    22 |    28 ||    91
       Airstrike         |       |       |    83 |   820 |   936 ||  1839
       Swiftness         |       |       |     2 |     2 |     7 ||    11
       Passwall          |       |       |       |     7 |     8 ||    15
       Lightning Bolt    |       |       |       |       |    17 ||    17
       Storm Form        |       |       |       |       |     2 ||     2
       Blink             |       |       |       |       |     1 ||     1
Invok: Channel Magic     |       |       |       |     4 |     3 ||     7
 Abil: Blinkbolt         |       |       |       |       |     1 ||     1
Evoke: Wand              |       |       |       |     5 |     6 ||    11
       Condenser vane    |       |       |       |       |     1 ||     1
       Phial of floods   |       |       |       |       |     1 ||     1
  Use: Potion            |       |     3 |       |     8 |    13 ||    24
       Scroll            |       |       |    14 |    23 |    23 ||    60
Armor: Skin              |     2 |     2 |       |    29 |    40 ||    73
Dodge: Dodged            |    23 |    47 |    43 |   347 |   416 ||   876
